 Dungeon Crawl Stone Soup version 0.24-a0-250-g6074511 (webtiles) character file.

Game seed: 4255082018215839350

4869 Ijustatesigmund the Blocker (level 10, -10/68 HPs)
             Began as an Octopode Fighter on Apr 15, 2019.
             Was a Priest of Cheibriados.
             Killed by the air
             ... invoked by Gastronok
              (21 damage)
             ... on level 8 of the Dungeon.
             The game lasted 00:16:26 (7633 turns).

Ijustatesigmund the Blocker (Octopode Fighter)      Turns: 7633, Time: 00:16:26

Health: -10/68     AC:  3    Str: 22    XL:     10   Next: 50%
Magic:  16/16      EV: 13    Int: 20    God:    Cheibriados [***...]
Gold:   426        SH: 18    Dex: 22    Spells: 9/9 levels left

rFire    . . .     SeeInvis +   a - +0 war axe
rCold    . . .     Gourm    .   b - +0 large shield
rNeg     . . .     Faith    .   (helmet restricted)
rPois    +         Spirit   .   z - amulet of magic regeneration
rElec    .         Reflect  .   f - ring of poison resistance
rCorr    .         Harm     .   r - ring of protection from magic
MR       +....     Clarity  +   q - ring of see invisible
Stlth    ++++......             C - +2 ring of protection
HPRegen  0.21/turn              G - ring of flight
MPRegen  0.40/turn              (no ring)
                                (no ring)
                                (no ring)

@: slowed, very slow
A: almost no armour, stealthy swim, amphibious, 8 rings, constrict 8, camouflage
1, clarity, clever 1, gelatinous body 1, MP-powered wands
a: Bend Time, Temporal Distortion, Renounce Religion, Evoke Flight


You were on level 8 of the Dungeon.
You worshipped Cheibriados.
Cheibriados was most pleased with you.
You were not hungry.

You visited 2 branches of the dungeon, and saw 9 of its levels.

You collected 493 gold pieces.
You spent 67 gold pieces at shops.

Inventory:

Hand Weapons
 a - a +0 war axe (weapon)
 g - a cursed +5 battleaxe
 y - a +0 mace of protection
 D - a +1 flail of draining
Missiles
 l - 5 silver tomahawks (quivered)
Armour
 b - a +0 large shield (worn)
Jewellery
 f - a ring of poison resistance (left tentacle)
 q - a ring of see invisible (on tentacle)
 r - a ring of protection from magic (right tentacle)
 z - an amulet of magic regeneration (around mantle)
 C - a +2 ring of protection (on tentacle)
 G - a ring of flight (on tentacle)
Wands
 m - a wand of polymorph (7)
 n - a wand of disintegration (6)
 p - a wand of flame (13)
Scrolls
 j - a scroll of blinking
 u - a scroll of teleportation
 x - 3 scrolls of remove curse
 A - 2 scrolls of magic mapping
 F - a scroll of identify
Potions
 c - a potion of mutation
 e - 2 potions of lignification
 h - 3 potions of cancellation
 i - 2 potions of flight
 k - 3 potions of curing
 s - 2 potions of magic
 t - a potion of brilliance {unknown}
 v - a potion of haste {unknown}
 E - 2 potions of resistance {unknown}
Comestibles
 d - 20 rations


   Skills:
 + Level 5.8 Fighting
 + Level 6.0 Axes
 - Level 3.6 Dodging
 - Level 5.0 Stealth
 + Level 9.6 Shields
 + Level 9.2 Invocations


You had 9 spell levels left.
You didn't know any spells.
Your spell library contained the following spells:

 Spells                   Type           Power        Failure   Level  Hunger
 Corona                   Hex            #......      80%         1    ##.....
 Magic Dart               Conj           #...         80%         1    ##.....
 Ensorcelled Hibernation  Hex/Ice        #.....       91%         2    ###....
 Searing Ray              Conj           #.....       91%         2    ###....
 Confuse                  Hex            #.......     99%         3    ####...
 Dazzling Spray           Conj/Hex       #.....       99%         3    ####...
 Tukima's Dance           Hex            #.......     99%         3    ####...
 Force Lance              Conj/Tloc      #.......     100%        4    #####..
 Fulminant Prism          Conj/Hex       #.........   100%        4    #####..
 Iskenderun's Mystic Bla  Conj           #.......     100%        4    #####..


Dungeon Overview and Level Annotations

Branches:
Dungeon (8/15)             Temple (1/1) D:4
   Lair: D:8-11

Altars:
Cheibriados
Gozag
Nemelex Xobeh
Ru
Uskayaw

Shops:
D:5 [

Annotations:
D:8 Gastronok


Innate Abilities, Weirdness & Mutations

You cannot wear most types of armour.
You are very stealthy in the water. (Stealth+)
You are amphibious.
You can wear up to eight rings at the same time.
You can use your tentacles to constrict eight enemies at once.
Your skin changes colour to match your surroundings (Stealth+).
Your rubbery body absorbs attacks. (AC +1, EV +1)
You possess an exceptional clarity of mind.
Your mind is acute. (Int +2)
You expend magic power (3 MP) to strengthen your wands.


Message History

Gastronok is heavily wounded.
You block Gastronok's attack.
You hit Gastronok. You squeeze Gastronok.
Gastronok is severely wounded.
You block Gastronok's attack.
You hit Gastronok but do no damage. You squeeze Gastronok.
Gastronok is severely wounded.
Gastronok mumbles some strange words.
Gastronok puts on a burst of speed!
You hit Gastronok.
Gastronok is severely wounded.
You feel better.
Gastronok waves his eye-stalks in wide circles.
The air twists around and strikes you!
* * * LOW HITPOINT WARNING * * *
You slash Gastronok!
Gastronok is severely wounded.
Gastronok waves his eye-stalks in wide circles.
The air twists around and strikes you!
You die...

####.####
##.....## #.#.##
##.......#
#....####.........
#.......+.........
#....####.........
#.#.## ##.......#
#.### ##.....##
#.# ##...## #@#
##+## #w# .Z# #.##
#. #. #. #.


You could see Gastronok and a hound skeleton.

Vanquished Creatures
  Harold (D:8)
  Grinder (D:6)
  A wyvern (D:8)
  4 yaks (D:8)
  Duvessa (D:6)
  An ice beast (D:6)
  A black bear (D:7)
  3 orc warriors
  2 phantoms
  3 sky beasts
  An ogre (D:7)
  2 necrophages
  3 centaurs
  Blork the orc (D:6)
  A gnoll sergeant (D:7)
  3 bullfrogs
  Dowan (D:6)
  4 scorpions
  A water moccasin skeleton (D:8)
  3 wights (D:7)
  4 howler monkeys
  3 crimson imps
  A bullfrog zombie (D:5)
  A centaur zombie (D:4)
  A jelly (D:7)
  4 hounds
  An orc priest (D:6)
  2 orc wizards
  A centaur skeleton (D:5)
  3 worker ants
  A hound zombie (D:6)
  A howler monkey zombie (D:7)
  A worker ant zombie (D:5)
  2 howler monkey skeletons (D:5)
  5 gnolls (D:7)
  7 adders
  A shadow imp (D:5)
  2 oozes
  An adder skeleton (D:4)
  A worm (D:5)
  A dart slug (D:1)
  8 leopard geckos
  16 orcs
  10 giant cockroaches
  14 goblins
  9 hobgoblins
  7 jackals
  5 kobolds
  A quokka (D:4)
  12 bats
  5 frilled lizards
  9 rats
178 creatures vanquished.

Vanquished Creatures (others)
  2 plants (D:8)
2 creatures vanquished.

Grand Total: 180 creatures vanquished

Notes
Turn   | Place    | Note
-------+----------+-------------------------------------------
     0 | D:1      | Ijustatesigmund the Octopode Fighter began the quest for
                  | the Orb.
     0 | D:1      | Reached XP level 1. HP: 16/16 MP: 1/1
   125 | D:1      | Reached XP level 2. HP: 21/21 MP: 2/2
   397 | D:1      | Reached XP level 3. HP: 26/26 MP: 3/3
  1007 | D:2      | Reached XP level 4. HP: 30/32 MP: 4/4
  2103 | D:3      | Reached XP level 5. HP: 25/37 MP: 5/5
  2503 | D:4      | Noticed a phantom
  2511 | D:5      | Entered Level 5 of the Dungeon
  2832 | D:5      | Reached XP level 6. HP: 44/44 MP: 6/6
  2863 | D:5      | Found Bolimam's Armour Shoppe.
  3047 | D:5      | Bought a +0 large shield for 67 gold pieces
  3089 | D:5      | Reached skill level 5 in Axes
  3253 | D:5      | Reached XP level 7. HP: 35/49 MP: 7/7
  3408 | D:5      | Reached skill level 5 in Fighting
  4008 | D:4      | Gained mutation: You possess an exceptional clarity of
                  | mind. [potion of mutation]
  4008 | D:4      | Gained mutation: You expend magic power (3 MP) to
                  | strengthen your wands. [potion of mutation]
  4008 | D:4      | Gained mutation: Your mind is acute. (Int +2) [potion of
                  | mutation]
  4068 | D:4      | Found a sparkling altar of Nemelex Xobeh.
  4109 | D:4      | Found a staircase to the Ecumenical Temple.
  4118 | Temple   | Entered the Ecumenical Temple
  4122 | Temple   | Became a worshipper of Cheibriados the Contemplative
  4270 | D:4      | Reached skill level 1 in Stealth
  4270 | D:4      | Reached skill level 1 in Invocations
  4581 | D:6      | Found an opulent altar of Gozag.
  4596 | D:6      | Noticed Duvessa
  4602 | D:6      | Noticed Dowan
  4608 | D:6      | Killed Duvessa
  4608 | D:6      | Reached skill level 5 in Shields
  4608 | D:6      | Reached XP level 8. HP: 37/55 MP: 9/9
  4608 | D:6      | Killed Dowan
  4745 | D:6      | Noticed Grinder
  4749 | D:6      | Killed Grinder
  4749 | D:6      | Reached skill level 5 in Stealth
  5144 | D:6      | Identified the +9 dagger of Reifuj {venom, +Rage}
  5149 | D:6      | Reached * piety under Cheibriados
  5195 | D:6      | Reached skill level 5 in Invocations
  5222 | D:6      | Reached XP level 9. HP: 61/61 MP: 12/12
  5296 | D:6      | Noticed Blork the orc
  5306 | D:6      | Killed Blork the orc
  6247 | D:7      | Reached ** piety under Cheibriados
  6623 | D:7      | Found a sand-covered staircase.
  6794 | D:8      | Found a sacrificial altar of Ru.
  6799 | D:8      | Reached XP level 10. HP: 62/66 MP: 16/16
  7090 | D:8      | Reached *** piety under Cheibriados
  7359 | D:8      | Noticed Harold
  7373 | D:8      | Killed Harold
  7606 | D:8      | Noticed Gastronok
  7633 | D:8      | Killed from afar by Gastronok

Levels and vault maps discovered:
D:1:      wander_arrival_chamber, layout_basic
D:2:      layout_basic
D:3:      layout_loops_corners
D:4:      layout_basic, temple_fountains, nemelex_spade_bored_becter
D:5:      layout_loops_ring, first_ration, serial_shops, shop_fountains
D:6:      minmay_inner_zag, layout_basic, grunt_gozag_statues,
          uniq_blork_the_orc, uniq_duvessa, uniq_grinder
D:7:      minmay_octagon_keep, layout_rooms, enter_ossuary_5
D:8:      layout_loops_corners, hangedman_ranch [blue_anna_fruit_fields],
          david_defended_altar_elf, uniq_harold, uniq_gastronok
Temple:   regret_index_temple_sigil_plot

Skill      XL: |  1  2  3  4  5  6  7  8  9 10 |
---------------+-------------------------------+-----
Axes           | 3 4 5 6 |  6.0
Fighting       | 4 5 |  5.8
Shields        | 4 5 6 8 9 |  9.6
Stealth        | 2 5 |  5.0
Invocations    | 2 5 8 9 |  9.2
Dodging        | |  3.6

Action                   |  1- 3 |  4- 6 |  7- 9 | 10-12 || total
-------------------------+-------+-------+-------+-------++-------
Melee: War axe           |    64 |   111 |   190 |    46 ||   411
       Constrict         |    16 |    26 |    47 |     3 ||    92
       Tentacles         |     6 |    24 |    63 |    25 ||   118
Throw: Tomahawk          |       |       |     1 |       ||     1
Invok: Bend Time         |       |       |       |     2 ||     2
Evoke: Wand              |       |       |    15 |     4 ||    19
  Use: Scroll            |     1 |     7 |    10 |       ||    18
       Potion            |       |       |     4 |     4 ||     8
 Stab: Sleeping          |     7 |     6 |     9 |     2 ||    24
       Distracted        |       |     1 |       |       ||     1
  Eat: Chunk             |       |     6 |     3 |     2 ||    11
       Ration            |       |       |     2 |       ||     2
Armor: Skin              |     6 |     3 |    10 |       ||    19
Dodge: Dodged            |    31 |    33 |    62 |     7 ||   133
Block: Shield            |    21 |    35 |       |       ||    56
       Large shield      |       |    10 |   143 |    41 ||   194

Table legend:
 A = Non-vault XP
 B = Vault XP
 C = Vault XP percentage of total XP
 D = Non-vault monster count
 E = Vault monster count
 F = Vault count percentage of total count
                 A         B        C        D         E       F
            +---------+---------+-------+---------+---------+-------
      Total |    4574 |    2383 |  34.3 |     158 |      20 |  11.2
            +---------+---------+-------+---------+---------+-------
        D:1 |      52 |       0 |   0.0 |      28 |       0 |   0.0
        D:2 |      79 |       0 |   0.0 |      29 |       0 |   0.0
        D:3 |      59 |       0 |   0.0 |      17 |       0 |   0.0
        D:4 |     331 |       0 |   0.0 |       8 |       0 |   0.0
        D:5 |     605 |       0 |   0.0 |      23 |       0 |   0.0
        D:6 |     810 |     894 |  52.5 |      15 |       9 |  37.5
        D:7 |    1100 |     461 |  29.5 |      21 |      10 |  32.3
        D:8 |    1538 |    1028 |  40.1 |      17 |       1 |   5.6
            +---------+---------+-------+---------+---------+-------
